 Dungeon Crawl Stone Soup version 0.19.0-22-gd96e5fe (webtiles) character file.

66223 leglesslizard the Severer (level 14, -14/202 HPs)
             Began as a Deep Dwarf Berserker on Nov 19, 2016.
             Was a Believer of Trog.
             Demolished by a stone giant (illusionary) (19 damage)
             ... on level 1 of the Depths.
             The game lasted 01:28:15 (14468 turns).

leglesslizard the Severer (Deep Dwarf Berserker)   Turns: 14468, Time: 01:28:16

Health: -14/202    AC: 22    Str: 31 (32) XL:     14   Next: 78%
Magic:  3/3        EV: 11    Int:  6 (7)  God:    Trog [**....]
Gold:   990        SH:  0    Dex: 15 (17) Spells: 0 memorised, 13 levels left

rFire  . . .     SeeInvis .     G - +1 executioner's axe (antimagic)
rCold  . . .     Gourm    .     D - +0 plate armour
rNeg   + . .     Faith    .     (shield currently unavailable)
rPois  .         Spirit   .     m - +2 helmet of Dishonesty {+Fly MP+9 Dex+5}
rElec  .         Reflect  .     (no cloak)
rCorr  .         Harm     .     w - +0 pair of gloves
MR     +++++                    L - +0 pair of boots
Stlth  ..........               J - amulet of magic regeneration
                                b - ring of protection from magic
                                t - ring of protection from magic

@: berserking, non-regenerating, very quick
A: damage resistance, recharge devices, negative energy resistance 1, sense
surroundings 2, slow regeneration 3
a: Device Recharging, Berserk, Trog's Hand, Burn Spellbooks, Renounce Religion,
Evoke Flight


You were on level 1 of the Depths.
You worshipped Trog.
Trog was pleased with you.
You were not hungry.

You visited 2 branches of the dungeon, and saw 16 of its levels.

You collected 990 gold pieces.

Inventory:

Hand Weapons
 G - a +1 antimagic executioner's axe (weapon)
 K - a +1 great sword
 M - a +4 hunting sling of velocity
 R - a +5 battleaxe
 T - a +3 hand axe
Missiles
 f - 3 tomahawks (quivered)
 O - 201 stones
Armour
 h - a +3 ring mail
 m - the +2 helmet of Dishonesty (worn) {+Fly MP+9 Dex+5}
   (You took it off Robin on level 2 of the Dungeon)

   It affects your dexterity (+5).
   It affects your magic capacity (+9).
   It lets you fly.
 v - a +0 hat
 w - a +0 pair of gloves (worn)
 D - a +0 plate armour (worn)
 L - a +0 pair of boots (worn)
Jewellery
 b - a ring of protection from magic (right hand)
 g - an uncursed amulet of regeneration
 t - a ring of protection from magic (left hand)
 E - an uncursed ring of protection from magic
 J - an amulet of magic regeneration (around neck)
Wands
 c - a wand of heal wounds (0/9)
 i - a wand of slowing (11/48)
 l - a wand of lightning (0/15)
 r - a wand of enslavement (14/24)
 s - a wand of acid (0/15)
 u - a wand of paralysis (11/24)
 x - a wand of disintegration (0/24)
 z - a wand of paralysis (3/24)
 S - a wand of lightning (4/15)
Scrolls
 a - 8 scrolls of identify
 e - a scroll of immolation {unknown}
 j - a scroll of blinking
 k - 5 scrolls of remove curse
 n - a scroll of vulnerability {unknown}
 y - a scroll of fog
 A - 4 scrolls of fear {unknown}
 F - 2 scrolls of recharging {unknown}
 H - 2 scrolls of enchant armour {unknown}
 I - a scroll of magic mapping
 N - a scroll of torment {unknown}
 P - 3 scrolls of random uselessness {unknown}
 Q - a scroll of summoning
Potions
 p - 2 potions of flight
 q - 3 potions of brilliance
 B - 2 potions of agility
 C - a potion of berserk rage
Comestibles
 d - 4 bread rations


   Skills:
 + Level 11.3 Fighting
 + Level 18.9(19.1) Axes
   Level 4.3(11.7) Polearms
 + Level 2.0 Throwing
 + Level 12.6 Armour
 + Level 5.6 Dodging
 + Level 2.4 Stealth
   Level 2.5 Shields
 + Level 7.0 Evocations


You had 13 spell levels left.
You didn't know any spells.

Dungeon Overview and Level Annotations

Branches:
Dungeon (15/15)            Temple (0/1) D:4            Lair (0/6) D:9
    Orc (0/2) D:10         Vaults (0/5) D:14         Depths (1/5) D:15

Altars:
Ashenzari
Fedhas
Nemelex Xobeh
Ru
Sif Muna
Trog
Vehumet
Xom
Yredelemnul

Shops:
D:8 (!=}   D:13 :   D:14 [


Innate Abilities, Weirdness & Mutations

You are resistant to damage.
You can recharge devices by infusing magical energy.
You resist negative energy. (rN+)
You passively map the area around you.
You do not regenerate.


Message History

The rakshasa's magic leaks into the air.
The stone giant hits you but does no damage.
The rakshasa weaves an illusion.
The stone giant shimmers and seems to become two!
A red film seems to cover your vision as you go berserk!
You feel yourself moving faster!
You feel mighty!
You feel a lot more hungry. The stone giant hits you!
* * * LOW HITPOINT WARNING * * *
The rakshasa hits you with a whip. The stone giant closely misses you.
You hit the stone giant.
The stone giant is lightly wounded.
You slice the rakshasa!!
The rakshasa's magic leaks into the air.
You slice the stone giant like a ripe choko!!!
The stone giant hits you but does no damage.
You slice the stone giant!!
The stone giant is lightly wounded.
You slash the stone giant! You barely miss the rakshasa.
The rakshasa closely misses you. The stone giant hits you!!
You die...

.##..C..........#..# ,
................#..##
, ,** ,,,
,..............#...#
,* **,, ,
...#.(.....(.(..## * *
, ,
#.#.(......(....### ,
#.(.(.....(......... *
##(.(....<..........,
, , *
##....C..#.......... ,
* , *
#.§..@C...#......... ,
##§§§.R...#..#.##...,,
* ##§§§.......### ###
#§§§.........
##...§#...#..##
#....##..##.## ###..#
### #.## ###


You could see 2 stone giants and a rakshasa.

Vanquished Creatures
  3 stone giants (Depths:1)
  Azrael (D:15)
  8 vault guards (D:14)
  An ice dragon (D:11)
  A yaktaur captain (D:15)
  5 hydras
  5 centaur warriors
  3 ogre magi
  A deep troll shaman (Depths:1)
  Sonja (D:15)
  2 iron trolls (Depths:1)
  5 skeletal warriors
  A deep troll (Depths:1)
  5 unseen horrors
  An orc knight (D:15)
  8 hill giants
  2 deep elf magi
  21 ugly things
  A salamander (shapeshifter) (D:15)
  An orc sorcerer (D:10)
  3 manticores
  2 cyclopes (D:15)
  4 centaur zombies
  The ghost of MovingMist the Skirmisher, a novice DsGl (D:5)
  3 centaur skeletons
  3 kobold demonologists
  A yaktaur (D:15)
  5 trolls
  A slime creature (D:12)
  4 two-headed ogres
  8 hippogriffs
  A hornet (D:10)
  3 wraiths
  7 yaks (D:12)
  4 hogs (D:8)
  A vampire (D:13)
  3 fire elementals (D:15)
  2 wyverns (D:12)
  4 fire bats (D:10)
  Eustachio (D:5)
  Grum (D:11)
  2 basilisks
  A human (D:8)
  A vampire mosquito (D:12)
  8 hungry ghosts
  A mottled dragon (shapeshifter) (D:13)
  A steam dragon (D:11)
  A mottled dragon (D:15)
  A soldier ant (D:13)
  2 water moccasins
  4 hell hounds
  3 ice beasts
  8 orc warriors
  A necrophage (D:7)
  2 eyes of draining (D:12)
  3 sky beasts
  A hornet zombie (D:11)
  4 phantoms
  12 ogres
  4 wolves (D:11)
  20 centaurs
  A crocodile (D:15)
  10 big kobolds
  12 bullfrogs
  7 scorpions
  2 troll zombies (D:10)
  7 wights
  4 electric eels (D:7)
  4 howler monkeys
  7 crimson imps
  4 bullfrog zombies
  5 orc priests
  6 hounds
  3 jellies
  5 orc wizards
  4 bullfrog skeletons
  A gnoll shaman (D:5)
  Jessica (D:2)
  Natasha (thrice) (D:2)
  5 iguanas
  9 worker ants
  6 ogre zombies (D:10)
  A hound skeleton (D:5)
  Robin (D:2)
  A worker ant zombie (D:5)
  15 gnolls
  13 adders
  A shadow imp (D:13)
  An ooze (D:1)
  An adder skeleton (D:6)
  4 worms
  4 dart slugs
  5 leopard geckos
  35 orcs
  2 ball pythons
  3 giant cockroaches
  16 goblins
  6 hobgoblins
  13 jackals
  49 kobolds
  A quokka (D:8)
  2 bats (D:2)
  3 frilled lizards
  A goblin skeleton (D:10)
  3 goblin zombies (D:10)
  A hobgoblin skeleton (D:10)
  4 hobgoblin zombies (D:10)
  A leopard gecko skeleton (D:6)
  3 orc skeletons (D:10)
  13 orc zombies (D:10)
  A quokka zombie (D:5)
  6 rats
  7 plants (D:7)
541 creatures vanquished.

Vanquished Creatures (others)
  A kobold demonologist (D:13)
  An orc (D:7)
  7 plants
9 creatures vanquished.

Grand Total: 550 creatures vanquished

Notes
Turn   | Place    | Note
-------+----------+-------------------------------------------
     0 | D:1      | leglesslizard the Deep Dwarf Berserker began the quest for the Orb.
     0 | D:1      | Reached XP level 1. HP: 20/20 MP: 1/1
   175 | D:1      | Reached XP level 2. HP: 16/27 MP: 2/2
   667 | D:2      | Reached skill level 4 in Axes
   673 | D:2      | Reached XP level 3. HP: 23/34 MP: 3/3
   848 | D:2      | Noticed Jessica
   856 | D:2      | Noticed Robin
   862 | D:2      | Killed Jessica
   862 | D:2      | Reached ** piety under Trog
   862 | D:2      | Reached XP level 4. HP: 40/42 MP: 4/4
   875 | D:2      | Killed Robin
   883 | D:2      | Reached skill level 1 in Stealth
   931 | D:2      | Got a distressingly furry helmet
   937 | D:2      | Identified the +2 helmet of Dishonesty {+Fly MP+9 Dex+5} (You took it off Robin on level 2 of the Dungeon)
   937 | D:2      | Gained mutation: Your body sometimes deteriorates upon taking damage. [potion of mutation]
   937 | D:2      | Gained mutation: You have a pair of small horns on your head. [potion of mutation]
   937 | D:2      | Gained mutation: Your flesh is heat resistant. (rF+) [potion of mutation]
  1023 | D:2      | Noticed Natasha
  1037 | D:2      | Killed Natasha
  1037 | D:2      | Reached skill level 5 in Axes
  1079 | D:2      | Noticed Natasha
  1093 | D:2      | Killed Natasha
  1093 | D:2      | Reached XP level 5. HP: 31/49 MP: 5/5
  1104 | D:2      | Noticed Natasha
  1111 | D:2      | Killed Natasha
  1777 | D:3      | Found a blossoming altar of Fedhas.
  1780 | D:3      | Found a shattered altar of Ashenzari.
  1780 | D:3      | Found a radiant altar of Vehumet.
  1781 | D:3      | Found a bloodstained altar of Trog.
  1859 | D:3      | Reached XP level 6. HP: 40/56 MP: 4/4
  1935 | D:3      | Reached *** piety under Trog
  1979 | D:3      | Reached skill level 6 in Axes
  2198 | D:4      | Reached skill level 1 in Evocations
  2333 | D:4      | Found a deep blue altar of Sif Muna.
  2358 | D:4      | Found a basalt altar of Yredelemnul.
  2386 | D:4      | Found a staircase to the Ecumenical Temple.
  2494 | D:4      | Reached XP level 7. HP: 44/63 MP: 6/6
  2637 | D:4      | Reached **** piety under Trog
  2637 | D:4      | Reached skill level 1 in Polearms
  2970 | D:5      | Entered Level 5 of the Dungeon
  3227 | D:5      | Reached XP level 8. HP: 66/73 MP: 7/7
  3383 | D:5      | Noticed MovingMist's ghost (novice DsGl)
  3385 | D:5      | Noticed Eustachio
  3403 | D:5      | Killed MovingMist's ghost
  3403 | D:5      | Reached skill level 5 in Armour
  3591 | D:5      | Reached skill level 5 in Fighting
  3620 | D:5      | Reached skill level 7 in Axes
  3760 | D:5      | Killed Eustachio
  3936 | D:6      | Gained mutation: You passively map the area around you. [Deep Dwarf growth]
  3936 | D:6      | Reached XP level 9. HP: 59/81 MP: 8/8
  4126 | D:6      | Reached skill level 8 in Axes
  4739 | D:7      | Reached skill level 9 in Axes
  4968 | D:7      | Reached ***** piety under Trog
  4970 | D:7      | Reached skill level 5 in Dodging
  5470 | D:8      | Reached skill level 10 in Axes
  5470 | D:8      | Reached XP level 10. HP: 91/91 MP: 5/7
  5609 | D:8      | Found Jujof's Gadget Shoppe.
  5675 | D:8      | Found Xaipsiguko's Jewellery Emporium.
  5903 | D:8      | Found Xusaj's Weapon Emporium.
  5924 | D:8      | Found Zuzerr's Distillery.
  6245 | D:9      | Received a gift from Trog
  6247 | D:9      | Reached skill level 11 in Axes
  6469 | D:9      | Found a staircase to the Lair.
  6926 | D:10     | Entered Level 10 of the Dungeon
  6991 | D:10     | Found a staircase to the Orcish Mines.
  6991 | D:10     | Noticed an orc sorcerer
  6993 | D:10     | Noticed a hill giant
  6994 | D:10     | Noticed a sixfirhy
  7004 | D:10     | Killed an orc sorcerer
  7009 | D:10     | Received a gift from Trog
  7009 | D:10     | Reached skill level 1 in Shields
  7071 | D:10     | Killed a hill giant
  7086 | D:10     | Reached skill level 12 in Axes
  7223 | D:10     | Reached XP level 11. HP: 84/100 MP: 9/9
  7230 | D:10     | Paralysed by a hornet for 2 turns
  7615 | D:11     | Noticed an eight-headed hydra
  7622 | D:11     | Killed a six-headed hydra
  7655 | D:11     | Lost mutation: Your body sometimes deteriorates upon taking damage. [potion of cure mutation]
  7655 | D:11     | Lost mutation: You have a pair of small horns on your head. [potion of cure mutation]
  7655 | D:11     | Lost mutation: Your flesh is heat resistant. (rF+) [potion of cure mutation]
  7826 | D:11     | Found a sparkling altar of Nemelex Xobeh.
  7828 | D:11     | Noticed Grum
  7843 | D:11     | Killed Grum
  7996 | D:11     | Noticed a skeletal warrior
  7996 | D:11     | Noticed a five-headed hydra
  7997 | D:11     | Noticed an ice dragon
  8006 | D:11     | Killed an ice dragon
  8006 | D:11     | Reached skill level 13 in Axes
  8006 | D:11     | Reached skill level 5 in Evocations
  8012 | D:11     | Killed a one-headed hydra
  8018 | D:11     | Killed a skeletal warrior
  8173 | D:11     | Found a sacrificial altar of Ru.
  8174 | D:11     | Noticed a purple ugly thing
  8181 | D:11     | Killed a purple ugly thing
  8252 | D:11     | Noticed a hill giant
  8261 | D:11     | Killed a hill giant
  8394 | D:12     | Reached skill level 14 in Axes
  8487 | D:12     | Noticed an eight-headed hydra
  8495 | D:12     | Killed a four-headed hydra
  8514 | D:12     | Noticed a deep elf mage
  8516 | D:12     | Noticed a centaur warrior
  8517 | D:12     | Noticed an ogre mage
  8517 | D:12     | Noticed a hill giant
  8528 | D:12     | Reached XP level 12. HP: 97/110 MP: 8/8
  8530 | D:12     | Received a gift from Trog
  8534 | D:12     | Killed a centaur warrior
  8538 | D:12     | Reached skill level 1 in Throwing
  8539 | D:12     | Reached skill level 10 in Armour
  8546 | D:12     | Killed an ogre mage
  8715 | D:12     | Reached skill level 15 in Axes
  9111 | D:12     | Noticed a centaur warrior
  9118 | D:12     | Killed a centaur warrior
  9769 | D:13     | Reached skill level 16 in Axes
 10076 | D:13     | Reached XP level 13. HP: 114/121 MP: 7/7
 10183 | D:13     | Found Jaremmot's Book Boutique.
 10593 | D:14     | Found a gate to the Vaults.
 10871 | D:14     | Reached skill level 17 in Axes
 10889 | D:14     | Reached ****** piety under Trog
 10912 | D:14     | Received a gift from Trog
 10912 | D:14     | Reached skill level 10 in Fighting
 11214 | D:14     | Found a shimmering altar of Xom.
 11493 | D:14     | Found Puireh's Armour Shoppe.
 11776 | D:15     | Entered Level 15 of the Dungeon
 11902 | D:15     | Noticed Azrael
 11924 | D:15     | Killed Azrael
 11957 | D:15     | Noticed Sonja
 12136 | D:15     | Gained mutation: You resist negative energy. (rN+) [Deep Dwarf growth]
 12136 | D:15     | Reached XP level 14. HP: 60/133 MP: 4/5
 12188 | D:15     | Reached skill level 18 in Axes
 12984 | D:15     | Found a blossoming altar of Fedhas.
 13339 | D:15     | Found a staircase to the Depths.
 13385 | Depths:1 | Entered Level 1 of the Depths
 13385 | Depths:1 | Noticed a stone giant
 13385 | Depths:1 | Noticed a stone giant
 13756 | D:15     | Killed Sonja
 14011 | Depths:1 | Killed a stone giant
 14034 | Depths:1 | Killed a stone giant
 14231 | Depths:1 | Noticed a stone giant
 14254 | Depths:1 | Killed a stone giant
 14454 | Depths:1 | Noticed a stone giant
 14464 | Depths:1 | HP: 6/135 [stone giant (9)]
 14468 | Depths:1 | Demolished by a stone giant (illusionary)

Skill      XL: |  1  2  3  4  5  6  7  8  9 10 11 12 13 14 |
---------------+-------------------------------------------+-----
Fighting       | 3 4 5 6 7 8 9 10 11 | 11.3
Axes           | 4 5 6 7 10 12 14 16 17 18 | 18.9
Dodging        | 3 4 5 |  5.6
Stealth        | 1 2 |  2.4
Evocations     | 1 2 4 5 6 7 |  7.0
Polearms       | 3 4 |  4.3
Armour         | 4 5 7 8 9 10 11 12 | 12.6
Shields        | 1 2 |  2.5
Throwing       | 1 2 |  2.0

Action                   |  1- 3 |  4- 6 |  7- 9 | 10-12 | 13-15 || total
-------------------------+-------+-------+-------+-------+-------++-------
Melee: Hand axe          |    97 |    25 |       |       |   126 ||   248
       Battleaxe         |       |    91 |    55 |   400 |    85 ||   631
       Headbutt          |       |    38 |    95 |    43 |       ||   176
       Spear             |       |   101 |   142 |       |       ||   243
       War axe           |       |       |   237 |    70 |       ||   307
       Executioner's axe |       |       |       |       |   413 ||   413
Throw: Tomahawk          |       |       |       |    14 |    31 ||    45
Invok: Berserk           |       |     1 |     3 |     7 |    18 ||    29
       Trog's Hand       |       |       |     5 |     5 |    49 ||    59
       Burn Spellbooks   |       |       |     1 |     2 |       ||     3
 Abil: Device Recharging |       |     2 |     3 |     5 |     9 ||    19
Evoke: Wand              |     3 |     6 |    22 |    48 |    43 ||   122
  Use: Potion            |       |     4 |     8 |     4 |     5 ||    21
       Scroll            |       |     1 |    11 |     1 |     5 ||    18
 Stab: Sleeping          |       |     1 |       |       |       ||     1
       Paralysed         |       |       |       |     1 |       ||     1
  Eat: Pizza             |       |     1 |     1 |       |    10 ||    12
       Meat ration       |       |     1 |     3 |     3 |     3 ||    10
       Bread ration      |       |     1 |     1 |       |     7 ||     9
       Fruit             |       |       |     1 |     2 |     2 ||     5
       Royal jelly       |       |       |     1 |     1 |     1 ||     3
       Beef jerky        |       |       |       |     7 |     1 ||     8
Armor: Animal skin       |    13 |     7 |       |       |       ||    20
       Scale mail        |       |     6 |       |       |       ||     6
       Chain mail        |       |    42 |   175 |    26 |       ||   243
       Plate armour      |       |       |       |   292 |   572 ||   864
Dodge: Dodged            |    68 |   165 |   185 |   280 |   385 ||  1083
Block: Large shield      |       |       |       |    42 |    44 ||    86
